 Dungeon Crawl Stone Soup version 0.30-b1-2-g02819fbbbe (webtiles) character file.

Game seed: 11263613717258653787

5065 Metae the Protected (level 10, -7/91 (92) HPs)
             Began as a Minotaur Fighter on June 13, 2023.
             Was a High Priest of Okawaru.
             Succumbed to a killer bee's poison
             ... on level 7 of the Dungeon.
             The game lasted 00:25:16 (8731 turns).

Metae the Protected (Minotaur Fighter)              Turns: 8731, Time: 00:25:17

HP:   -7/91 (92)    AC: 17    Str: 25    XL:     10   Next: 31%
MP:   13/13         EV:  7    Int:  5    God:    Okawaru [*****.]
Gold: 397           SH:  6    Dex: 16    Spells: 9/9 levels left

rFire   + . .        y - +4 mace "Ulokhleg" {drain, Fragile rF++ rCorr Stlth+}
rCold   + . .        c - +0 buckler
rNeg    . . .        z - +0 plate armour
rPois   .            (helmet restricted)
rElec   .            (no cloak)
rCorr   +            h - +0 pair of gloves
SInv    .            N - +0 pair of boots
Will    .....        (no amulet) Stlth
                     r - +6 ring of dexterity
HPRegen 0.35/turn    G - ring of ice
MPRegen 0.13/turn

%: no passive effects
@: lethally poisoned (-7 -> -28), slowed, lightly drained, very slow
A: horns 2, retaliatory headbutt
a: Renounce Religion, Heroism, Finesse, Duel


You were on level 7 of the Dungeon.
You worshipped Okawaru.
Okawaru was extremely pleased with you.
You visited 2 branches of the dungeon, and saw 9 of its levels.

You collected 397 gold pieces.

Inventory:

Hand Weapons
 a - a +0 flail
 u - a +0 sling
 y - the +4 mace "Ulokhleg" (weapon) {drain, Fragile rF++ rCorr Stlth+}
   (You took it off a hobgoblin on level 4 of the Dungeon)

   rF:        It greatly protects you from fire.
   rCorr:     It protects you from acid and corrosion.
   Fragile:   It will be destroyed if unequipped.
   Stlth:     It makes you more stealthy.
 O - a -1 demon whip of venom
 Q - a +2 longbow of draining
Missiles
 i - 63 stones (quivered)
 s - 8 poisoned darts
 B - a curare-tipped dart
 F - a throwing net
 J - 4 atropa-tipped darts
Armour
 c - a +0 buckler (worn)
 h - a +0 pair of gloves (worn)
 z - a +0 plate armour (worn)
 E - +0 steam dragon scales
 N - a +0 pair of boots (worn)
Jewellery
 r - a +6 ring of dexterity (left hand)
 G - a ring of ice (right hand)
Wands
 H - a wand of flame (17)
 P - a wand of digging (2)
Scrolls
 b - 2 scrolls of magic mapping
 e - 3 scrolls of noise
 f - 3 scrolls of amnesia
 g - a scroll of enchant weapon
 j - 2 scrolls of enchant armour {unknown}
 k - 3 scrolls of immolation
 l - a scroll of poison
 m - a scroll of fear {unknown}
 p - 6 scrolls of teleportation
 w - a scroll of brand weapon {unknown}
 x - a scroll of vulnerability {unknown}
 I - a scroll of blinking {unknown}
Potions
 d - 2 potions of might
 n - 4 potions of degeneration
 o - 3 potions of mutation
 q - 4 potions of haste
 t - a potion of curing
 v - 3 potions of lignification
 A - a potion of attraction {unknown}
 C - 2 potions of heal wounds
 D - a potion of brilliance {unknown}
 K - a potion of berserk rage {unknown}
 L - a potion of cancellation {unknown}
 M - 2 potions of magic {unknown}


   Skills:
 + Level 9.7 Fighting
 + Level 9.2 Maces & Flails
 + Level 9.7 Armour
 - Level 5.8 Shields
 + Level 6.2 Invocations
 + Level 2.9 Evocations


You had 9 spell levels left.
You didn't know any spells.
Your spell library contained the following spells:

 Spells                   Type           Power      Damage    Failure   Level
 Passage of Golubria      Tloc           0%         N/A       100%        4
 Yara's Violent Unravell  Hex/Tmut       0%         3d3       100%        5
 Tukima's Dance           Hex            Unusable   N/A       N/A         3

Dungeon Overview and Level Annotations

Branches:
Dungeon (8/15)             Temple (1/1) D:7
   Lair: D:8-11

Altars:
Cheibriados
Dithmenos
Fedhas
Gozag
Hepliaklqana
Kikubaaqudgha
Makhleb
Nemelex Xobeh
Okawaru
Qazlal
Ru
Sif Muna
Trog
Uskayaw
Vehumet
Wu Jian
Xom
Yredelemnul
Zin
The Shining One

Shops:
D:7 (

Annotations:
D:8 3 runed translucent doors, Joseph; Manslay's ghost, novice OpCj


Innate Abilities, Weirdness & Mutations

You have a pair of horns on your head.
You reflexively headbutt those who attack you in melee.


Message History

You feel sick.
The killer bee stings you but does no damage.
You feel sick. The killer bee stings you!
You feel sick. The killer bee stings you.
You are more poisoned.
The killer bee poisons you!
The killer bee stings you but does no damage.
Things that are here:
a +1 short sword of venom; a +0 mace You feel sick.
The killer bee stings you but does no damage.
Things that are here:
a +2 spear of venom; a yak skeleton; a yak skeleton The killer bee attacks as you move away!
The killer bee stings you.
You feel sick. The killer bee barely misses you.
You feel sick. You block the killer bee's attack.
You feel sick. The killer bee stings you.
You feel sick.
The orc shouts!
The killer bee stings you.
You are more poisoned.
The killer bee poisons you!
You feel very sick.
The orc throws a curare-tipped dart.
The curare-tipped dart hits you.
You are more poisoned.
You have difficulty breathing.
* * * LOW HITPOINT WARNING * * *
You feel yourself slow down. The killer bee stings you.
* * * LOW HITPOINT WARNING * * *
There is a stone staircase leading up, spattered with blood here.
* * * LOW HITPOINT WARNING * * *
You feel very sick.
The bullfrog gives a loud, deep croak!
You block the killer bee's attack. The killer bee stings you!
* * * LOW HITPOINT WARNING * * *
You are more poisoned.
The killer bee poisons you!
The killer bee stings you but does no damage.
You climb upwards.
You die...

######
####....##########
#@[...............
#)y#)[..##########
#...)####### ####
#.##[......####...
#.####.#........##
#....#.###.####.##
####.#.# #.# #.##
#.#.###.# #...
#####.#..##<# ####


You could see a killer bee.

Vanquished Creatures
  Amaemon (D:7)
  An orange demon (D:8)
  5 yaks (D:8)
  A steam dragon (D:5)
  Menkaure (D:4)
  3 water moccasins
  Duvessa (D:7)
  2 orc warriors
  A sky beast (D:7)
  2 ogres
  A centaur (D:7)
  2 phantoms
  3 bullfrogs
  A kobold brigand (D:6)
  A gnoll sergeant (D:7)
  A scorpion (D:5)
  3 wights (D:7)
  Dowan (D:7)
  5 killer bees
  4 howler monkeys
  2 hounds
  5 jellies
  2 gnoll boudas
  3 orc priests
  A sleepcap (D:6)
  8 iguanas
  5 orc wizards
  10 gnolls
  17 adders
  A shadow imp (D:8)
  2 white imps
  6 worms
  7 dart slugs
  34 orcs
  8 ball pythons
  4 bats
  2 bat zombies (D:6)
  6 endoplasms
  3 giant cockroaches
  8 hobgoblins
  13 kobolds
  6 quokkas
  3 frilled lizards
  7 goblins
  6 rats
209 creatures vanquished.

Notes
Turn   | Place    | Note
-------+----------+-------------------------------------------
     0 | D:1      | Metae the Minotaur Fighter began the quest for the Orb.
     0 | D:1      | Reached XP level 1. HP: 19/19 MP: 0/0
   156 | D:1      | Reached XP level 2. HP: 27/27 MP: 1/1
   424 | D:1      | Reached XP level 3. HP: 33/33 MP: 2/2
  1092 | D:2      | Found a faded altar of an unknown god.
  1469 | D:2      | Reached XP level 4. HP: 39/41 MP: 3/3
  2305 | D:3      | Reached XP level 5. HP: 44/47 MP: 4/4
  2381 | D:3      | Reached skill level 5 in Fighting
  2612 | D:3      | Reached skill level 5 in Shields
  2822 | D:3      | Noticed a phantom
  2830 | D:3      | Killed a phantom
  2831 | D:3      | Reached skill level 5 in Armour
  2831 | D:3      | Reached XP level 6. HP: 51/56 MP: 5/5
  3044 | D:4      | Noticed Menkaure
  3052 | D:4      | Killed Menkaure
  3406 | D:4      | Found a glowing golden altar of the Shining One.
  3732 | D:4      | Identified the +4 mace "Ulokhleg" {drain, Fragile rF++
                  | rCorr Stlth+}
  3740 | D:4      | Reached XP level 7. HP: 52/61 MP: 6/6
  3822 | D:4      | Reached skill level 5 in Maces & Flails
  4056 | D:4      | Found a radiant altar of Vehumet.
  4063 | D:4      | Found a shimmering blue altar of Sif Muna.
  4074 | D:4      | Found a hazy altar of Hepliaklqana.
  4081 | D:4      | Found a sparkling altar of Nemelex Xobeh.
  4088 | D:4      | Found an iron altar of Okawaru.
  4092 | D:4      | Became a worshipper of Warmaster Okawaru
  4102 | D:4      | Found a blossoming altar of Fedhas.
  4166 | D:5      | Entered Level 5 of the Dungeon
  4344 | D:5      | Reached skill level 1 in Invocations
  4404 | D:5      | Reached * piety under Okawaru
  4578 | D:5      | Noticed a steam dragon
  4592 | D:5      | Killed a steam dragon
  4593 | D:5      | Reached XP level 8. HP: 60/71 MP: 8/8
  5340 | D:6      | Reached ** piety under Okawaru
  5817 | D:6      | Found an ancient bone altar of Kikubaaqudgha.
  6208 | D:7      | Reached XP level 9. HP: 77/81 MP: 11/11
  6267 | D:7      | Found a shimmering altar of Xom.
  6267 | D:7      | Found a glowing silver altar of Zin.
  6267 | D:7      | Noticed an angel
  6294 | D:7      | Reached *** piety under Okawaru
  6323 | D:7      | Noticed Duvessa
  6326 | D:7      | Noticed Dowan
  6332 | D:7      | Killed Duvessa
  6335 | D:7      | Killed Dowan
  6568 | D:7      | Reached skill level 5 in Invocations
  6901 | D:7      | Found a staircase to the Ecumenical Temple.
  6910 | Temple   | Entered the Ecumenical Temple
  7138 | D:7      | Found Cuoneul's Antique Weapon Emporium.
  7238 | D:7      | Found a sacrificial altar of Ru.
  7300 | D:8      | Noticed Manslay's ghost (novice OpCj)
  7328 | D:8      | Found a runed translucent gate.
  7328 | D:8      | Found a runed translucent gate.
  7328 | D:8      | Found a runed translucent gate.
  7369 | D:8      | Noticed an orange demon
  7373 | D:8      | Noticed Amaemon
  7823 | D:7      | Reached skill level 1 in Evocations
  8086 | D:7      | Killed Amaemon
  8086 | D:7      | Reached **** piety under Okawaru
  8462 | D:8      | Killed an orange demon
  8463 | D:8      | Reached XP level 10. HP: 86/91 MP: 13/13
  8546 | D:7      | Reached ***** piety under Okawaru
  8659 | D:8      | Received a gift from Okawaru
  8703 | D:8      | Noticed Joseph
  8705 | D:8      | Noticed a death yak
  8730 | D:8      | HP: 3/91 [killer bee (7)]
  8731 | D:7      | Succumbed to a killer bee's poison

Illustrated notes

Levels and vault maps discovered:
D:1:      lightli_arrival_chessboard, layout_basic
D:2:      layout_loops_ring, shapermc_ecumenical_altar_venn
D:3:      layout_basic, lightli_sewer_entry_pipes
D:4:      layout_rooms, grunt_temple_overflow_octagram, uniq_menkaure
D:5:      layout_cave_pools, guppyfry_early_orc_mine
D:6:      layout_basic, lemuel_zombie_altar_kikubaaqudgha
D:7:      layout_basic, grunt_temple_overflow_order_and_chaos_1,
          nicolae_ru_the_path_less_chosen, minmay_temple_entry_statues_pillars,
          serial_shops, nicolae_shop_just_a_little_nook,
          kennysheep_generic_room_3, uniq_duvessa
D:8:      layout_basic, dpeg_lair_monsters, gammafunk_ghost_split,
          amcnicky_mini_rare_corridor_liquid, amcnicky_mini_pool_small,
          uniq_amaemon, uniq_joseph
Temple:   nicolae_temple_bog_church

Skill      XL: |  1  2  3  4  5  6  7  8  9 10 |
---------------+-------------------------------+-----
Armour         | 4 5 6 7 9 |  9.7
Shields        | 4 5 |  5.8
Fighting       | 4 5 6 7 9 |  9.7
Maces & Flails | 3 4 6 7 8 9 |  9.2
Invocations    | 2 4 5 6 |  6.2
Evocations     | 2 |  2.9

Action                     |  1- 3 |  4- 6 |  7- 9 | 10-12 || total
---------------------------+-------+-------+-------+-------++-------
  Melee: Flail             |    90 |   140 |       |       ||   230
         Headbutt          |    13 |    21 |    64 |    10 ||   108
         Mace              |       |       |   279 |    44 ||   323
 Invoke: Heroism           |       |       |     3 |       ||     3
    Use: Scroll            |       |     5 |     6 |       ||    11
         Potion            |       |       |     4 |       ||     4
 Armour: Scale mail        |    45 |    75 |       |       ||   120
         Plate armour      |       |       |   195 |    35 ||   230
  Dodge: Dodged            |    39 |    70 |   110 |    24 ||   243
  Block: Buckler           |    26 |    53 |   118 |    18 ||   215
